 Dungeon Crawl Stone Soup version 0.29-a0-6-ga859fcf985 (webtiles) character file.

Game seed: 1803806769708665184

9 Ijustatesigmund the Skirmisher (level 2, -1/19 HPs)
             Began as a Gargoyle Fighter on Jan 27, 2022.
             Slain by a goblin (3 damage)
             ... on level 1 of the Dungeon.
             The game lasted 00:01:48 (203 turns).

Ijustatesigmund the Skirmisher (Gargoyle Fighter)    Turns: 203, Time: 00:01:49

Health: -1/19      AC: 11    Str: 19    XL:     2   Next: 16%
Magic:  2/2        EV:  9    Int:  8    God:
Gold:   7          SH:  4    Dex:  9    Spells: 1/1 levels left

rFire   . . .      SeeInvis .   a - +0 flail
rCold   . . .      Faith    .   c - +0 buckler
rNeg    + . .      Spirit   .   b - +0 scale mail
rPois   ∞          Reflect  .   (no helmet)
rElec   +          Harm     .   e - +0 cloak
rCorr   .          Rampage  .   (no gloves)
Will    .....                   f - +0 pair of boots
Stlth   ..........              (no amulet)
HPRegen 0.06/turn               (no ring)
MPRegen 0.08/turn               (no ring)

@: no status effects
A: sickness immunity, AC +2, negative energy resistance 1, electricity
resistance, torment resistance 1, petrification resistance
a: no special abilities


You were on level 1 of the Dungeon.
You visited 1 branch of the dungeon, and saw 1 of its levels.

You collected 7 gold pieces.

Inventory:

Hand Weapons
 a - a +0 flail (weapon)
Armour
 b - a +0 scale mail (worn)
 c - a +0 buckler (worn)
 e - a +0 cloak (worn)
 f - a +0 pair of boots (worn)
Scrolls
 g - a scroll of identify {unknown}
Potions
 d - a potion of might


   Skills:
 + Level 3.5 Fighting
 * Level 2.5 Maces & Flails
 - Level 3.2 Armour
 - Level 3.2 Shields


You had one spell level left.
You didn't know any spells.
Your spell library was empty.

Dungeon Overview and Level Annotations

Branches:
Dungeon (1/15)

Altars:


Innate Abilities, Weirdness & Mutations

You are immune to sickness and miasma.
Your stone body is resilient. (AC +2)
You are immune to poison.
You resist negative energy. (rN+)
You are resistant to electric shocks. (rElec)
You are resistant to unholy torment.
You are immune to petrification.


Message History

The ball python constricts you.
You barely miss the ball python.
The ball python is severely wounded.
The kobold hits you but does no damage.
The ball python bites you but does no damage.
The ball python constricts you. You block the goblin's attack.
The kobold hits you but does no damage.
You closely miss the ball python.
The ball python is severely wounded.
The ball python bites you but does no damage.
The ball python constricts you. The goblin hits you but does no damage.
The ball python barely misses you. The ball python constricts you.
The kobold hits you but does no damage. The goblin hits you but does no damage.
You hit the ball python but do no damage.
The ball python is severely wounded.
You block the ball python's attack. The ball python constricts you.
The kobold barely misses you. The goblin barely misses you.
You thump the ball python!
You kill the ball python!
The kobold hits you but does no damage. The goblin hits you with a +0 club.
* * * LOW HITPOINT WARNING * * *
You block the kobold's attack. The goblin barely misses you.
The kobold hits you with a +0 short sword.
* * * LOW HITPOINT WARNING * * *
You barely miss the kobold. The goblin hits you but does no damage.
The kobold hits you but does no damage. The goblin hits you but does no damage.
You closely miss the kobold. The kobold hits you but does no damage.
The goblin hits you but does no damage.
You hit the kobold but do no damage. The kobold hits you but does no damage.
The goblin hits you but does no damage. You block the kobold's attack.
You closely miss the kobold. The goblin hits you but does no damage.
The kobold closely misses you.
You are too injured to fight recklessly!
You hit the goblin.
The goblin is heavily wounded.
The goblin hits you with a +0 club.
* * * LOW HITPOINT WARNING * * *
The kobold hits you but does no damage. The goblin hits you with a +0 club.
You die...

###############
##.............#
............##.#
.##########.##.# .#
#.##.# #### .# #.##.#
#...## .##
##.##>##.....## ..#####
#......g.......
...............K@(......
.....#####..###.......$#
..##.## #..# #.#.....##
....... #. #.##...##
.#..... # #.# #.##
.#..... ..# .# .†......
... #.# # ##.....# #.#
#.# )#########.# .#


You could see a goblin and a kobold.

Vanquished Creatures
  A ball python (D:1)
  A bat (D:1)
  3 hobgoblins (D:1)
  A kobold (D:1)
  A frilled lizard (D:1)
  A rat (D:1)
8 creatures vanquished.

Notes
Turn   | Place    | Note
-------+----------+-------------------------------------------
     0 | D:1      | Ijustatesigmund the Gargoyle Fighter began the quest for
                  | the Orb.
     0 | D:1      | Reached XP level 1. HP: 14/14 MP: 1/1
   182 | D:1      | Reached XP level 2. HP: 19/19 MP: 2/2
   203 | D:1      | Slain by a goblin

Illustrated notes

Levels and vault maps discovered:
D:1:      giann_wishing_wells, layout_loops_ring,
          wander_ebering_terrifying_dragon_lair

Action                   || total
-------------------------++-------
Melee: Flail             ||    35
Armor: Scale mail        ||    42
Dodge: Dodged            ||    23
Block: Buckler           ||     9

Table legend: (Time is in decaauts)
 A = Elapsed time spent in this place.
 B = Non-inter-level travel time spent in this place.
 C = Inter-level travel time spent in this place.
 D = Time resting spent in this place.
 E = Time spent auto-exploring this place.
 F = Levels seen in this place.
 G = Mean time per level.
                   A        B        C        D        E       F      G
               +--------+--------+--------+--------+--------+-----+--------+
         Total |    214 |    214 |      0 |      0 |    130 |   1 |  214.0 |
       Dungeon |    214 |    214 |      0 |      0 |    130 |   1 |  214.0 |
               +--------+--------+--------+--------+--------+-----+--------+

Top non-repeatable levels by time:
     D:1: 214 daAuts
